[Event "Early-Titled-Tuesday-Blitz-May-14-2024"]
[Site "Chess.com"]
[Date "2024.05.14"]
[Round "1"]
[White "Iball95"]
[Black "CADMartin"]
[Result "1-0"]
[WhiteElo "2925"]
[BlackElo "2524"]
[TimeControl "180+1"]
[EndTime "8:08:01 PDT"]
[Termination "Iball95 won by resignation"]

1. e4 c5 2. Nf3 e6 3. Nc3 a6 4.
d4 cxd4 5. Nxd4 Qc7 6. Bd3 b5 7.
O-O Bb7 8. Re1 Ne7 9. Bg5 Ng6 10.
a4 Bc5 11. Nb3 Bd6 12. axb5 Bxh2+ 13. Kh1 Bf4 14. Bxf4 Qxf4 15. Nc5 Bc8 16. Kg1 Qg5 17. Nxa6 Bxa6 18. bxa6 Nf4 19. Qf3 O-O 20. g3 Ng6 21. Qe3 Qe7 22. Bb5 Ne5 23. Red1 Nbc6 24.
Kg2 Ng4 25. Qe2 Nge5 26. f4 Ng6 27. Bxc6 dxc6 28. b3 Qc5 29. Na4 Qb4 30. Nb2 Qc3 31. Nc4 Rfd8 32. e5 Ne7 33. Rxd8+ Rxd8 34. Rd1 Nd5 35. a7 Ra8 36. Qd3 Qxd3 37. Rxd3 Rxa7 38. Ne3 Ra2 39. Nxd5 Rxc2+ 40. Kf3 cxd5 41. Ke3 Rb2 42. Kd4 g6 43. Kc5 Kg7 44. b4 Kh6 45. g4 Kg7 46.
b5 h5 47. gxh5 gxh5 48. b6 Kg6 49. Rg3+ Kf5 50. Rg5+ Kxf4 51. Rxh5 Rc2+ 52. Kd6 d4 53. Rh4+ Ke3 54. b7 Rb2 55. Kc7 d3 56. Rh3+ Ke2 57.
Rh2+ Ke1 58. Rxb2 d2 59. Rxd2 Kxd2 60. b8=Q Ke3 61. Qd8 Ke4 62. Qf6 1-0

[Event "Early-Titled-Tuesday-Blitz-May-14-2024"]
[Site "Chess.com"]
[Date "2024.05.14"]
[Round "1"]
[White "gtnamfrq"]
[Black "profedechess93"]
[Result "1-0"]
[WhiteElo "2352"]
[BlackElo "2643"]
[TimeControl "180+1"]
[EndTime "8:08:02 PDT"]
[Termination "gtnamfrq won on time"]

1. e4 e6 2. d4 d5 3. Nc3 Nf6 4. Bg5 Be7 5. e5 Nfd7 6. Bxe7 Qxe7 7. f4 a6 8. Nf3 c5 9. dxc5 Nc6 10. Qd2 Qxc5 11.
O-O-O b5 12. Kb1 Bb7 13. Bd3 h6 14. Ne2 O-O-O 15. c3 Nb6 16. Ned4 Nc4 17. Qe2 Kb8 18. Rc1 Rc8 19. Rhd1 g6 20. g4 Ka8 21. Nb3 Qe7 22.
Nfd4 g5 23. Nxc6 Bxc6 24. Qf2 gxf4 25. Qxf4 Qg5 26. Qxf7 Nxe5 27. Qxe6 Rhe8 28. Qd6 Qxg4 29. Ka1 Re6 30. Qa3 Nc4 31. Qxa6+ Kb8 32. Nd4 Rd6 33. Bxc4 bxc4 34. Qb6+ Ka8 35. Qa5+ Kb7 36. Re1 Qd7 37.
Qb4+ Ka8 38. Qa5+ Kb7 39. Re5 Qc7 40. Qb4+ Ka8 41. Rce1 Rd7 42. Nxc6 Qxc6 43. Qa5+ Kb7 44. Re7 Rcc7 45. Rxd7 Rxd7 46. Re8 Qb6 47. Qa8+ Kc7 48.
Qc8+ Kd6 49. Rg8 Qf2 50. Rg6+ Ke7 51. a3 d4 52. Qc5+ Kf7 53. Qxc4+ 1-0

[Event "Early-Titled-Tuesday-Blitz-May-14-2024"]
[Site "Chess.com"]
[Date "2024.05.14"]
[Round "1"]
[White "Timerkhanov"]
[Black "Arimin1329"]
[Result "1-0"]
[WhiteElo "2706"]
[BlackElo "2384"]
[TimeControl "180+1"]
[EndTime "8:08:03 PDT"]
[Termination "Timerkhanov won by resignation"]

1. d4 Nf6 2. Bg5 e6 3. Nd2 d5 4. e3 Be7 5. Bd3 b6 6. Ngf3 Nbd7 7. c3 Bb7 8. Qb1 h6 9. Bh4 c5 10. O-O O-O 11. a4 Qc7 12. e4 dxe4 13. Nxe4 cxd4 14. Nxd4 a6 15. Bg3 Qd8 16. Nd6 Bd5 17. c4 Nc5 18. Nxf7 Rxf7 19. cxd5 Qxd5 20. Rd1 Nxd3 21. Qxd3 Bc5 22.
Nf3 Qxd3 23. Rxd3 Ne4 24. Re1 Nxg3 25. hxg3 Rf6 26. Re2 Raf8 27. Re4 R8f7 28. b4 Bf8 29. Ne5 Rc7 30. f4 g5 31. Rd8 gxf4 32. gxf4 Kg7 33. g3 Be7 34. Rd7 Rxd7 35. Nxd7 Rf7 36. Nxb6 Bf6 37.
Nc4 Rc7 38. b5 axb5 39. axb5 Bd8 40. Kg2 Rb7 41. Nd6 Rd7 42. Rxe6 Bc7 43. Ne8+ Kf7 44. Nxc7 Rxc7 45. Rxh6 Rc2+ 46. Kf3 Rc1 47. b6 Rb1 48.
Rh7+ Kg6 49. Rb7 Kf6 50. Kg4 Kg6 51. Rb8 Kf6 52. Rh8 Kg7 53. Rb8 Kf6 54. Rh8 Kg7 55. Re8 Rxb6 56. Kg5 Rb3 57. g4 Rb5+ 58. f5 Rb6 59. Re7+ Kf8 60. Ra7 Rb2 61. f6 Rb5+ 62. Kg6 Rb8 63. Rh7 Kg8 64. f7+ Kf8 65.
Rh8+ Ke7 66. Rxb8 1-0

[Event "Early-Titled-Tuesday-Blitz-May-14-2024"]
[Site "Chess.com"]
[Date "2024.05.14"]
[Round "1"]
[White "remyrushbrooke"]
[Black "GlavkonVVS"]
[Result "1/2-1/2"]
[WhiteElo "2331"]
[BlackElo "2639"]
[TimeControl "180+1"]
[EndTime "8:08:03 PDT"]
[Termination "Game drawn - insufficient material"]

1. Nf3 Nf6 2. g3 c5 3. Bg2 Nc6 4. c4 g6 5. Nc3 Bg7 6. d3 O-O 7. O-O a6 8. Rb1 Rb8 9. a3 b5 10. cxb5 axb5 11. b4 cxb4 12. axb4 d6 13. d4 Bf5 14. Nh4 Bxb1 15. Bxc6 Rc8 16. d5 Bf5 17. Nxf5 gxf5 18. Nxb5 Ne4 19. f3 Qb6+ 20. Kg2 Nf6 21. Qd3 e6 22. Nxd6 Rcd8 23. Nc4 Qxb4 24. Ba3 Qb8 25. Rb1 Qc7 26. Rb7 Qxc6 27. dxc6 Rxd3 28.
exd3 Rc8 29. Nb6 Rxc6 30. Rb8+ Bf8 31. Bxf8 Rxb6 32. Rxb6 Kxf8 33. h4 Kg7 34. Rb7 Nd5 35. Kf2 h5 36. d4 Kg6 37. Ke2 Kg7 38. Ra7 Kg6 39. Kd3 Kg7 40. Kc4 Kg6 41. Kc5 f4 42.
g4 hxg4 43. fxg4 f3 44. Ra3 Nf6 45. Rxf3 Nxg4 46. h5+ Kg7 47. Rf4 Nf6 48. h6+ Kg6 49. Rxf6+ Kxf6 50. Kd6 Kg6 51. Ke7 f5 52. Kxe6 f4 53.
d5 f3 54. d6 f2 55. d7 f1=Q 56. d8=Q Qe2+ 57. Kd7 Qd3+ 58. Kc8 Qxd8+ 59. Kxd8 Kxh6 1/2-1/2

[Event "Early-Titled-Tuesday-Blitz-May-14-2024"]
[Site "Chess.com"]
[Date "2024.05.14"]
[Round "1"]
[White "ahkashefi2800"]
[Black "JiiHart"]
[Result "1-0"]
[WhiteElo "2588"]
[BlackElo "2193"]
[TimeControl "180+1"]
[EndTime "8:08:03 PDT"]
[Termination "ahkashefi2800 won by checkmate"]

1. d4 d5 2. Nf3 Nf6 3. Bf4 Bf5 4.
e3 e6 5. c4 c5 6. Qb3 Qb6 7. Nc3 Nc6 8. cxd5 Qxb3 9. axb3 exd5 10. Bb5 Be7 11. dxc5 Bxc5 12. Ne5 Bd7 13. Nxd7 Kxd7 14.
O-O-O Ke6 15. Nxd5 Nxd5 16. Bc4 Nb4 17. e4 Kf6 18.
Bxd5 Nxd5 19. Rxd5 Rac8 20. Rf5+ Ke6 21. Re5+ Kf6 22.
Kb1 g6 23. f3 Bd6 24. Rf5+ gxf5 25. Bxd6 Rhd8 26. Bg3 fxe4 27. Bh4+ Kf5 28. Bxd8 exf3 29. Bh4 fxg2 30. Rg1 Rg8 31. Bg3 Kg4 32. Rxg2 Kh3 33. Rf2 h5 34. Rf4 h4 35. Rxh4+ Kg2 36. Rf4 Rg7 37. Kc2 b6 38. Kd2 Rh7 39. Ke2 Rh8 40.
Rf2+ Kh3 41. Rf4 Re8+ 42. Kf3 Rh8 43. Rxf7 a6 44. Rf4 b5 45. b4 Rh7 46. Rh4+ Rxh4 47. Bxh4 Kxh4 48. Ke4 Kh3 49. Kd5 Kxh2 50. Kc5 Kg3 51. Kb6 Kf3 52. Kxa6 Ke4 53. Kxb5 Kd5 54. Ka6 Kd6 55. b5 Kc7 56. Ka7 Kd6 57. b6 Kc5 58. b7 Kd4 59. b8=Q Kd3 60. b4 Kc2 61. b5 Kb3 62. b6 Kb4 63. b7 Kb5 64. Qc8 Kb4 65. b8=Q+ Ka5 66. Qa6# 1-0

[Event "Early-Titled-Tuesday-Blitz-May-14-2024"]
[Site "Chess.com"]
[Date "2024.05.14"]
[Round "1"]
[White "Josgar05"]
[Black "Orujov2008"]
[Result "0-1"]
[WhiteElo "2431"]
[BlackElo "2764"]
[TimeControl "180+1"]
[EndTime "8:08:04 PDT"]
[Termination "Orujov2008 won by checkmate"]

1. Nf3 Nf6 2. b3 d5 3. Bb2 e6 4. e3 Be7 5. d4 O-O 6. Be2 b6 7. O-O Bb7 8. c4 Nbd7 9. Nc3 c5 10. Re1 Rc8 11. Bf1 Qc7 12. Rc1 Qb8 13. cxd5 Nxd5 14. Nxd5 Bxd5 15. e4 Bb7 16. d5 exd5 17. exd5 Bf6 18.
Bxf6 Nxf6 19. Bc4 Rcd8 20. Re5 Rfe8 21. Rxe8+ Nxe8 22. Rc2 Nd6 23. Re2 b5 24. Bd3 c4 25.
Bb1 Re8 26. h3 Rxe2 27. Qxe2 Bxd5 28. Ng5 g6 29. Qe5 Bc6 30. Kh2 Qc7 31. h4 Ne8 32. Qxc7 Nxc7 33. h5 h6 34. Nh3 g5 35. f3 Nd5 36.
bxc4 bxc4 37. Nf2 Nc3 38. Bc2 Nxa2 39. Nd1 Nb4 40. Bb1 a5 41. Kg3 a4 42. Nc3 a3 43.
Kf2 Nd5 44. Na2 Ba4 45. Be4 Bb3 46. Nc1 Nb4 47. Ke3 a2 48. Nxa2 Nxa2 49. Kd4 c3 50.
Bb1 c2 51. Bxc2 Bxc2 52. g3 Nb4 53. Ke3 Nd5+ 54. Kf2 Nf6 55. g4 Bd1 56. Kg3 Kf8 57. f4 gxf4+ 58. Kxf4 Bxg4 59. Kg3 Bxh5 60. Kf4 Bg6 61. Kg3 Kg7 62. Kf4 h5 63. Kg3 Kh6 64. Kf4 Nh7 65. Kg3 Kg5 66. Kf2 h4 67. Ke3 Kg4 68. Kd4 Kg3 69. Ke5 h3 70. Kd6 h2 71.
Ke7 h1=Q 72. Ke8 Qe4+ 73. Kd8 Qe6 74. Kc7 Qd5 75. Kb6 Kf4 76. Ka7 Qc6 77. Kb8 Qd7 78. Ka8 Ke5 79. Kb8 Kd6 80. Ka8 Kc6 81. Kb8 Qb7# 0-1

[Event "Early-Titled-Tuesday-Blitz-May-14-2024"]
[Site "Chess.com"]
[Date "2024.05.14"]
[Round "1"]
[White "esrosenberg"]
[Black "jk13"]
[Result "1-0"]
[WhiteElo "2343"]
[BlackElo "2632"]
[TimeControl "180+1"]
[EndTime "8:08:05 PDT"]
[Termination "esrosenberg won by checkmate"]

1. e4 e5 2. Nf3 Nc6 3. Nc3 Nf6 4.
d4 exd4 5. Nxd4 Bb4 6. Nxc6 bxc6 7. Bd3 O-O 8. O-O d5 9. exd5 cxd5 10. Bg5 c6 11. Qf3 h6 12. Bh4 Rb8 13. Ne2 Bd6 14.
Bxf6 Qxf6 15. Qxf6 gxf6 16. b3 Bd7 17. Nd4 Be5 18.
c3 c5 19. Ne2 Bg4 20. f3 Bd7 21. Rad1 Rfd8 22. f4 Bc7 23. Ng3 Kf8 24. c4 Bg4 25. Rc1 dxc4 26. Bxc4 Rd2 27. a4 Re8 28. Rce1 Rxe1 29. Rxe1 Bxf4 30. Ne4 Rb2 31. Nxf6 h5 32. h3 Bg3 33. Rf1 Be2 34. Bxe2 Rxe2 35. Nd7+ Kg7 36. Nxc5 Be5 37. Nd3 Bd4+ 38. Kh2 Rd2 39. Nf4 Rb2 40. Nxh5+ Kf8 41. Rf3 Be5+ 42. Ng3 Kg7 43.
h4 Kg6 44. Kh3 Rb1 45. h5+ Kg7 46. Kg4 Rg1 47. Nf5+ Kh7 48. g3 f6 49. Rd3 Rc1 50. Rd7+ Kg8 51. Rxa7 Rc3 52. Rg7+ Kh8 53. h6 Rxb3 54.
Kh5 Rf3 55. g4 Bf4 56. Kg6 Bxh6 57. Nxh6 Rf5 58. Nf7# 1-0

[Event "Early-Titled-Tuesday-Blitz-May-14-2024"]
[Site "Chess.com"]
[Date "2024.05.14"]
[Round "1"]
[White "Moon_stone123"]
[Black "ernestina08chess"]
[Result "1-0"]
[WhiteElo "2620"]
[BlackElo "2295"]
[TimeControl "180+1"]
[EndTime "8:08:05 PDT"]
[Termination "Moon_stone123 won by checkmate"]

1. d4 Nf6 2. Nf3 d5 3. c4 e6 4. Nc3 c6 5. Bg5 Be7 6. e3 Nbd7 7. Bd3 h6 8. Bh4 O-O 9. O-O a6 10. Rc1 b5 11. cxd5 cxd5 12. Ne2 Bb7 13. h3 Nb6 14. Bg3 Nc4 15. Qc2 Rc8 16. Qb1 Ne4 17. Bh2 Ncd2 18. Nxd2 Nxd2 19. Qa1 Nxf1 20. Rxf1 Bd6 21.
Nf4 g5 22. Nh5 Bxh2+ 23. Kxh2 f5 24. Qd1 Qe8 25. f4 a5 26. Qf3 b4 27. g4 Rc6 28.
gxf5 exf5 29. Rg1 Rg6 30. fxg5 hxg5 31. Ng3 Bc8 32. Qxd5+ Be6 33. Qe5 Rgf6 34. Ne2 Rg6 35. Ng3 Rgf6 36. Ne2 Rg6 37. Qxa5 b3 38. axb3 Bxb3 39.
Rg3 Rg7 40. Qb6 Bd5 41. Qd6 Be4 42. Bc4+ Kh7 43. Nc3 f4 44. exf4 Rxf4 45. Kg1 Rgf7 46. Bxf7 Qxf7 47. Nxe4 Rxe4 48. Rxg5 Re1+ 49. Kh2 Qf2+ 50.
Rg2 Qf1 51. Qg6+ Kh8 52. Qg7# 1-0

[Event "Early-Titled-Tuesday-Blitz-May-14-2024"]
[Site "Chess.com"]
[Date "2024.05.14"]
[Round "1"]
[White "sergiochess83"]
[Black "kuchma777"]
[Result "1-0"]
[WhiteElo "2875"]
[BlackElo "2509"]
[TimeControl "180+1"]
[EndTime "8:08:06 PDT"]
[Termination "sergiochess83 won by resignation"]

1. d4 Nf6 2. c4 e6 3. g3 d5 4.
Bg2 dxc4 5. Nf3 c5 6. O-O Be7 7.
dxc5 Nbd7 8. Qa4 O-O 9. Qxc4 Bxc5 10. Nc3 a6 11. Qd3 Qe7 12. Bf4 e5 13. Bg5 e4 14.
Qc2 exf3 15. Bxf3 Qe6 16. Rad1 h6 17. Bf4 Ne5 18. Bd5 Qe7 19. Bb3 Ng6 20. Qxg6 Bh3 21. Bxh6 Ne8 22. Bg5 Qc7 23. Nd5 Qc6 24. Qxc6 bxc6 25. Ne7+ Kh7 26. Rfe1 f6 27. Bc2+ f5 28. Nxc6 Rc8 29. Ne5 Bxf2+ 30. Kxf2 Rxc2 31. Nd3 Nd6 32. Bf4 Ne4+ 33. Kg1 Rfc8 34. Rc1 Bg4 35. Nf2 Bxe2 36. Nxe4 fxe4 37. Rxe2 Rxc1+ 38. Bxc1 Rxc1+ 39. Kf2 Rc4 40. Ke3 Kg6 41. Kf4 Rb4 42. b3 Rd4 43. Rxe4 Rd2 44. Re6+ Kh5 45. Rxa6 Rxh2 46. a4 Rf2+ 47. Ke3 Rb2 48.
Rb6 g5 49. a5 Kg4 50. Rb5 Rg2 51. a6 Rxg3+ 52. Kd4 Rg1 53. Ra5 Rd1+ 54. Ke5 Kf3 55. a7 Rd8 56. a8=Q+ 1-0

[Event "Early-Titled-Tuesday-Blitz-May-14-2024"]
[Site "Chess.com"]
[Date "2024.05.14"]
[Round "1"]
[White "jraosam"]
[Black "Mikhail_Golubev"]
[Result "1-0"]
[WhiteElo "2054"]
[BlackElo "2544"]
[TimeControl "180+1"]
[EndTime "8:08:06 PDT"]
[Termination "jraosam won on time"]

1. e4 c5 2. Nc3 a6 3. g3 Nc6 4.
Bg2 g6 5. d3 Bg7 6. Be3 d6 7. Qd2 Rb8 8. Nge2 b5 9. O-O b4 10. Nd1 Nf6 11. Bh6 O-O 12. Bxg7 Kxg7 13. d4 cxd4 14. Nxd4 Nxd4 15. Qxd4 Qb6 16. Qxb6 Rxb6 17.
Ne3 Bb7 18. f3 Rc8 19. Rfd1 a5 20. Rd2 a4 21. Rb1 Nd7 22. Bf1 Ne5 23. Kf2 f5 24.
exf5 Nxf3 25. Rdd1 Ne5 26. fxg6 Rf8+ 27. Ke2 Bf3+ 28. Ke1 Bxd1 29. Rxd1 hxg6 30. Bg2 Rb5 31. Ke2 Rc5 32. Rd4 Rb8 33. Kd2 b3 34. axb3 axb3 35. c3 Ra5 36. Bd5 Ra2 37. Nd1 Ra5 38. Ne3 Rf8 39. Ke2 Ra2 40. Nd1 Rb8 41. Rb4 Rxb4 42. cxb4 Ra4 43. Bxb3 Rxb4 44. Bd5 Nc4 45. Bxc4 Rxc4 46.
Kd3 Rc7 47. b4 Kf6 48. Nc3 Ke6 49. Kd4 Kd7 50. h4 e5+ 51. Kd3 Ke6 52. Ne4 Rb7 53.
Kc3 Rc7+ 54. Kd3 d5 55. Nc5+ Kd6 56. g4 Rh7 57. h5 gxh5 58. gxh5 Rxh5 59. Nb7+ 1-0

[Event "Early-Titled-Tuesday-Blitz-May-14-2024"]
[Site "Chess.com"]
[Date "2024.05.14"]
[Round "1"]
[White "laboratorio25"]
[Black "frederiksvane"]
[Result "0-1"]
[WhiteElo "2532"]
[BlackElo "2969"]
[TimeControl "180+1"]
[EndTime "8:08:07 PDT"]
[Termination "frederiksvane won by resignation"]

1. e4 e6 2. d4 d5 3. e5 c5 4. c3 Nc6 5. Nf3 Bd7 6. Na3 Nge7 7. Nc2 Qa5 8. Bd2 Qb6 9. b4 cxd4 10. Ncxd4 Nxd4 11. cxd4 Nf5 12. a3 Nxd4 13. Bd3 Be7 14. O-O Nxf3+ 15. Qxf3 Bb5 16. Be3 Qa6 17. Bxb5+ Qxb5 18. Qg3 g6 19. Bh6 Rc8 20. Rac1 Rc4 21. Qe3 b6 22. Rxc4 dxc4 23. Rd1 Qc6 24. b5 Qc8 25. Rc1 Bf8 26. Bg5 Bg7 27. Bf6 O-O 28. h4 Qd7 29.
Rxc4 Qxb5 30. Rc7 a5 31. h5 Qb1+ 32. Rc1 Qf5 33. Bxg7 Kxg7 34. h6+ Kg8 35. a4 g5 36. Rc4 Kh8 37. f3 Qg6 38. Rg4 Rg8 39. Qxb6 Qxh6 40.
Qxa5 Qg6 41. Qb5 Rd8 42. Qe2 h6 43. Re4 Qg8 44. a5 Ra8 45. a6 Qc8 46. Kh2 Rxa6 47. Rc4 Qb7 48. Qc2 Ra8 49. Rc7 Qb5 50. Rxf7 Qxe5+ 51. Kh1 Ra1+ 0-1

[Event "Early-Titled-Tuesday-Blitz-May-14-2024"]
[Site "Chess.com"]
[Date "2024.05.14"]
[Round "1"]
[White "PonyQueen07"]
[Black "dealshark"]
[Result "0-1"]
[WhiteElo "2126"]
[BlackElo "2566"]
[TimeControl "180+1"]
[EndTime "8:08:07 PDT"]
[Termination "dealshark won by checkmate"]

1. d4 Nf6 2. Bg5 d5 3. Bxf6 exf6 4. g3 Bd6 5. Bg2 c6 6. e3 Nd7 7. Ne2 f5 8. Nbc3 Nf6 9. O-O O-O 10. f3 Re8 11.
Qd3 Qe7 12. Nd1 a5 13. b3 a4 14. Rc1 axb3 15. axb3 Bd7 16. c4 b6 17. h3 Ra2 18.
Rc2 Rea8 19. Ndc3 Rxc2 20. Qxc2 Qxe3+ 21. Kh2 Nh5 22. f4 Nf6 23. cxd5 cxd5 24. Nxd5 Nxd5 25. Bxd5 Rc8 26. Qd1 Bb5 27. Bf3 Re8 28. Ng1 Bxf1 29.
Qxf1 Qd2+ 30. Bg2 h6 31. Nf3 Qe2 32. Qxe2 Rxe2 33. d5 Rb2 34. Nd4 Rd2 35. Nxf5 Bc5 36. d6 Bxd6 37. Nxd6 Rxd6 38. Bf1 Rd2+ 39. Kg1 Rb2 40.
Bc4 Kf8 41. g4 Ke7 42. h4 f6 43. f5 Kd6 44. h5 Ke5 45. Be6 Kf4 46. Bf7 Kxg4 47. Bg6 Kg3 48. Kf1 Rxb3 49. Ke2 Rb2+ 50. Kd3 Kf4 51. Kc4 Rg2 52. Kb5 Rxg6 53. hxg6 h5 54.
Kxb6 h4 55. Kc6 h3 56. Kd6 h2 57. Ke6 h1=Q 58. Kf7 Qd5+ 59. Kxg7 Kg5 60. Kh7 Qh1+ 61.
Kg8 Kh6 62. Kh8 Qa8# 0-1

[Event "Early-Titled-Tuesday-Blitz-May-14-2024"]
[Site "Chess.com"]
[Date "2024.05.14"]
[Round "1"]
[White "GameOverBro"]
[Black "emiliocordova"]
[Result "1/2-1/2"]
[WhiteElo "2529"]
[BlackElo "2905"]
[TimeControl "180+1"]
[EndTime "8:08:08 PDT"]
[Termination "Game drawn by repetition"]

1. e4 c5 2. Ne2 d6 3. g3 Nf6 4.
Bg2 g6 5. O-O Bg7 6. c3 O-O 7. d4 cxd4 8. cxd4 Nc6 9. Nbc3 Bd7 10. h3 Rc8 11. Be3 a6 12. Qd2 b5 13. Rfc1 e5 14.
d5 Na5 15. b3 Nb7 16. b4 Rc4 17. a3 a5 18. Rab1 axb4 19. axb4 Qc7 20. f3 Rc8 21. Nd1 Qd8 22. Nb2 Rxc1+ 23. Rxc1 Ra8 24. Nd3 Be8 25. Qb2 Nd7 26. Ra1 Rb8 27. Ra6 Ra8 28.
Qa2 Rc8 29. h4 f5 30. Bh3 f4 31. Bf2 fxg3 32. Bxg3 Bf6 33. Ra7 Rb8 34. h5 Kg7 35. hxg6 hxg6 36. Kg2 Qc7 37. Bf2 Nb6 38. Qa6 Nc4 39. Nc5 dxc5 40. bxc5 Bf7 41. c6 Ncd6 42. Nc3 Qe7 43. Nxb5 Nxb5 44. Qxb5 Bh4 45. Rxb7 Qg5+ 46. Kf1 Rh8 47. Be6 Qc1+ 48. Kg2 Qg5+ 49. Kf1 Qc1+ 50. Kg2 Bxf2 51. Rxf7+ Kh6 52. Kxf2 Kg5 53. Qf1 Rh2+ 54. Kg3 Qxf1 55. Kxh2 Qf2+ 56. Kh3 Qf1+ 57. Kh2 Qf2+ 58. Kh3 Qf1+ 59. Kh2 1/2-1/2

[Event "Early-Titled-Tuesday-Blitz-May-14-2024"]
[Site "Chess.com"]
[Date "2024.05.14"]
[Round "1"]
[White "KatakuriDono"]
[Black "Arhan_Anand"]
[Result "0-1"]
[WhiteElo "2303"]
[BlackElo "2623"]
[TimeControl "180+1"]
[EndTime "8:08:08 PDT"]
[Termination "Arhan_Anand won by resignation"]

1. d4 Nf6 2. Nf3 d5 3. g3 c5 4.
Bg2 cxd4 5. Nxd4 e5 6. Nb3 Nc6 7. O-O Be7 8. Nc3 Be6 9. Bg5 d4 10. Bxf6 gxf6 11. Ne4 Qb6 12. c3 f5 13. Ned2 dxc3 14. bxc3 Rd8 15. Qc2 a5 16. Rab1 Qa7 17. Nc1 e4 18. e3 h5 19. Ne2 h4 20. Nf4 hxg3 21. hxg3 Ne5 22. Nxe6 fxe6 23. Qb3 Kf7 24. Nc4 Nxc4 25. Qxc4 Rd5 26. Rfd1 Rhd8 27. Rxd5 Rxd5 28. Qc7 Rc5 29. Qxb7 Qxb7 30. Rxb7 Rxc3 31.
Bf1 a4 32. Ra7 a3 33. Kg2 Rc2 34. Ra6 Kf6 35. Bb5 Bc5 36. Kf1 Rxa2 37. Rxe6+ Kg5 38. Ra6 Rb2 39. Bc4 Rc2 40. Bb3 Rc3 41. Be6 Kg4 42. Ra8 Kf3 43. Kg1 Rc1+ 44. Kh2 Rc2 45. Bxf5 Rxf2+ 46. Kh3 Kxe3 47. Be6 Rf6 48. Bd5 Kd4 49.
Bb3 e3 50. Re8 Kc3 51. Bg8 Rf8 52. Re5 Bd4 53. Ra5 Rxg8 54. Rxa3+ Kd2 55. Ra2+ Kd3 56. g4 e2 0-1

[Event "Early-Titled-Tuesday-Blitz-May-14-2024"]
[Site "Chess.com"]
[Date "2024.05.14"]
[Round "1"]
[White "Legendinunknown"]
[Black "viktorgen2021"]
[Result "0-1"]
[WhiteElo "2825"]
[BlackElo "2496"]
[TimeControl "180+1"]
[EndTime "8:08:09 PDT"]
[Termination "viktorgen2021 won by checkmate"]

1. d4 Nf6 2. c4 g6 3. Nc3 Bg7 4. e4 O-O 5. Nf3 d6 6. Be2 e5 7. d5 Na6 8. Nd2 Ne8 9. g4 f5 10. gxf5 gxf5 11. Nf3 Nf6 12. Bg5 Qe8 13. Rg1 Kh8 14.
Qd2 f4 15. Bxf6 Bxf6 16. O-O-O Nc5 17. Qc2 a5 18. Nd2 Bh4 19. Rdf1 Bh3 20. Nb5 Qe7 21. Nf3 Bxf1 22. Bxf1 Rg8 23. Rxg8+ Rxg8 24. Bh3 Bxf2 25. a3 a4 26. Kb1 Be3 27. Bf5 Qf7 28. Qe2 Nb3 29.
Qf1 Qh5 30. Kc2 Qf7 31. Kc3 Qh5 32. Nxc7 Nd4 33. Nxd4 Rg1 34. Qd3 Rd1 35. Qc2 Rc1 36.
Ndb5 Rxc2+ 37. Kxc2 Qe2+ 38. Kb1 Qd1+ 39. Ka2 Qb3+ 40.
Kb1 Qxc4 41. Bg4 Qxe4+ 42. Ka2 Qc4+ 43. Kb1 e4 44. Nxd6 Qxc7 45. Nxe4 Qe5 46. Bf3 Qxd5 47. Kc2 Qc4+ 48. Nc3 Kg7 49. Be2 Qc5 50. Kd3 Qc6 51. Bg4 f3 52. Kxe3 Qb6+ 53. Kd3 f2 54. Be2 Qxb2 55.
Ne4 Qxa3+ 56. Kd2 Qb4+ 57. Ke3 a3 58. Nxf2 a2 59. Nd3 Qa3 60. Ke4 a1=Q 61. Bf3 Qa4+ 62.
Kf5 Qf6# 0-1

[Event "Early-Titled-Tuesday-Blitz-May-14-2024"]
[Site "Chess.com"]
[Date "2024.05.14"]
[Round "1"]
[White "Trovita84"]
[Black "santosalberto1987"]
[Result "0-1"]
[WhiteElo "2134"]
[BlackElo "2568"]
[TimeControl "180+1"]
[EndTime "8:08:10 PDT"]
[Termination "santosalberto1987 won by resignation"]

1. e4 e6 2. d4 d5 3. exd5 exd5 4. Nf3 Bd6 5. Bd3 Nc6 6. c3 Bg4 7. b4 Qd7 8. Nbd2 O-O-O 9. O-O Nce7 10. a4 Kb8 11. a5 Ng6 12. Nb3 Nh4 13. Be2 Re8 14. Be3 Nxf3+ 15. Bxf3 Bxf3 16. Qxf3 Nf6 17. Nc5 Bxc5 18.
bxc5 a6 19. Rab1 c6 20. Bf4+ Ka7 21. Rb6 Qg4 22. Qxg4 Nxg4 23. h3 Nf6 24. Rfb1 Re7 25. f3 Rhe8 26. Be5 Rd7 27. Kf2 Re6 28. g4 Ne8 29. Bf4 Rde7 30. R1b2 f6 31. h4 g6 32.
h5 g5 33. Bg3 h6 34. Kg2 Re2+ 35. Bf2 Rxb2 36. Rxb2 Nc7 37. Bg3 Nb5 38. Rc2 Re3 39. c4 Nxd4 40. Rd2 Nxf3 41. Rf2 Ne1+ 42. Kf1 Rxg3 43.
Kxe1 Rxg4 44. Rxf6 Rxc4 45. Rxh6 Rxc5 46. Rh7 Rxa5 47.
h6 Ra1+ 48. Kf2 Rh1 49. Kg2 Rh4 50. Kg3 a5 51. Rh8 Kb6 52. h7 a4 53. Kg2 a3 54.
Kg3 a2 55. Ra8 Rxh7 56. Rxa2 Kc7 57. Rb2 b5 58. Kg4 Rg7 59. Kf5 g4 60. Rg2 g3 61. Rh2 gxh2 0-1

[Event "Early-Titled-Tuesday-Blitz-May-14-2024"]
[Site "Chess.com"]
[Date "2024.05.14"]
[Round "1"]
[White "AccioChess"]
[Black "Beltraxtor"]
[Result "0-1"]
[WhiteElo "2420"]
[BlackElo "2744"]
[TimeControl "180+1"]
[EndTime "8:08:11 PDT"]
[Termination "Beltraxtor won on time"]

1. c4 Nf6 2. Nc3 e5 3. g3 Nc6 4.
Bg2 g6 5. e3 Bg7 6. Nge2 d6 7.
O-O h5 8. d4 h4 9. f4 hxg3 10.
hxg3 exd4 11. exd4 Bg4 12. Qb3 Rb8 13. Be3 Ne7 14.
Rfe1 Qd7 15. Qa4 c6 16. Qxa7 Rd8 17. d5 cxd5 18. Nxd5 Nfxd5 19. cxd5 Bh3 20. Bf3 Bg4 21. Bg2 Nf5 22. Bf2 O-O 23. Qb6 Rc8 24. Nd4 Qa4 25. Nxf5 Bxf5 26. Rac1 Rxc1 27. Rxc1 Qxa2 28. Qxd6 Qxb2 29.
Re1 Bd4 30. Bxd4 Qxd4+ 31. Kh2 b5 32. Qe5 Qd2 33. d6 b4 34. Re2 Qd1 35. Re1 Qd2 36.
Re2 Qc3 37. Re3 Qc1 38. Re1 Qc3 39. Re3 Qxe5 40. fxe5 Rb8 41. Bd5 Be6 42. Bxe6 fxe6 43. Rb3 Kf7 44. Kg2 Ke8 45. Kf3 Kd7 46. Ke4 g5 47. Kd4 Rb5 48. g4 Kc6 49. Rb1 Rd5+ 50.
Ke4 Kb5 51. Rc1 b3 52. Rc7 Kb4 53. Rb7+ Kc3 54. Rc7+ Kd2 0-1

[Event "Early-Titled-Tuesday-Blitz-May-14-2024"]
[Site "Chess.com"]
[Date "2024.05.14"]
[Round "1"]
[White "bazar-wokzal"]
[Black "RamyresCoelho"]
[Result "1-0"]
[WhiteElo "2618"]
[BlackElo "2288"]
[TimeControl "180+1"]
[EndTime "8:08:13 PDT"]
[Termination "bazar-wokzal won by checkmate"]

1. e4 c5 2. c3 d5 3. exd5 Qxd5 4. d4 cxd4 5. cxd4 Nc6 6. Nf3 e6 7. a3 Nf6 8. Nc3 Qd8 9. Bd3 Bd6 10. Be3 O-O 11. Qc2 h6 12. O-O Nd5 13. Rad1 Nxe3 14. fxe3 Qe7 15. Ne4 Bb8 16. Qf2 f5 17. Nc3 b6 18. e4 fxe4 19. Bxe4 Bb7 20. Bb1 Na5 21. Qc2 g5 22. Qg6+ Qg7 23. Qxe6+ Kh8 24. Ne5 Bxe5 25.
Qxe5 Qxe5 26. dxe5 Nc4 27. e6 Rxf1+ 28. Rxf1 Re8 29.
Rf7 Nd6 30. Rh7+ Kg8 31. Rxh6 Kg7 32. Rg6+ Kh8 33. Ba2 Rg8 34. Rxg8+ Kxg8 35. Kf2 Kg7 36. g3 Kf6 37. h4 gxh4 38. gxh4 Nf5 39. h5 Kg5 40.
Bb1 Ne7 41. Kg3 Kxh5 42. Kf4 Kh6 43. Ke5 Kg7 44. Kd6 Kf6 45. Be4 Bc8 46. Nd5+ Nxd5 47. Bxd5 a5 48. e7 Bd7 49. Kxd7 Ke5 50. Bc6 Kd4 51. e8=Q Kc5 52. Qe4 a4 53. Qb4# 1-0

[Event "Early-Titled-Tuesday-Blitz-May-14-2024"]
[Site "Chess.com"]
[Date "2024.05.14"]
[Round "1"]
[White "Russian_berezka"]
[Black "klercaku"]
[Result "1-0"]
[WhiteElo "2602"]
[BlackElo "2249"]
[TimeControl "180+1"]
[EndTime "8:08:16 PDT"]
[Termination "Russian_berezka won by checkmate"]

1. d4 d5 2. Bf4 e6 3. e3 Nf6 4.
Nd2 c5 5. c3 Nc6 6. Bd3 cxd4 7.
cxd4 Be7 8. h3 O-O 9. Ngf3 Qb6 10. Qb3 Qxb3 11. Nxb3 Nb4 12. Bb1 a5 13. a3 Nc6 14.
Bd3 a4 15. Nbd2 Bd7 16. Ke2 Rfb8 17. Bxb8 Rxb8 18. Rhc1 b5 19. Ne5 Nxe5 20. dxe5 Ne8 21. Nf3 b4 22. Nd4 f6 23. f4 Kf7 24. Nc6 Bxc6 25. Rxc6 bxa3 26. bxa3 Rb2+ 27. Rc2 Rb3 28.
Rca2 Nc7 29. Bc2 Rc3 30. Bxa4 Bc5 31. Rc2 Rxe3+ 32. Kd2 Bb6 33. Rxc7+ Kg6 34. Rc6 Bd4 35. Bc2+ Kh5 36. Rxe6 Rg3 37. Re1 Bc3+ 38. Kd1 Rxg2 39. exf6 gxf6 40. Bxh7 Rd2+ 41. Kc1 Ra2 42. R1e2 Rxa3 43.
Kc2 Kh6 44. Bg8 Ba1 45. Rd6 Rc3+ 46. Kb1 Ra3 47. Rxd5 Ra8 48. Be6 Bc3 49. Bf5 Ra1+ 50. Kc2 Ra2+ 51. Kd3 Ra3 52. Kc4 Ba1 53. Re7 Rc3+ 54.
Kb4 Rf3 55. Rh7# 1-0